 Dungeon Crawl Stone Soup version 0.31-a0-176-g91f28db67f (webtiles) character file.

Game seed: 429269078766815141

413 qw the Shooter (level 6, -3/56 HPs)
             Began as a Naga Hunter on June 17, 2023.
             Slain by a hobgoblin zombie (4 damage)
             ... in an ossuary.
             The game lasted 00:01:08 (2597 turns).

qw the Shooter (Naga Hunter)                        Turns: 2597, Time: 00:01:09

Health: -3/56      AC:  4    Str: 14    XL:     6   Next: 90%
Magic:  6/6        EV:  9    Int:  9    God:
Gold:   118        SH:  0    Dex: 16    Spells: 5/5 levels left

rFire   + . .        Y - +1 shortbow
rCold   . . .        (shield currently unavailable)
rNeg    . . .        c - +0 leather armour
rPois   +            (no helmet)
rElec   .            (no cloak)
rCorr   +            l - +0 pair of gloves
SInv    +            (no barding)
Will    .....        (no amulet)
Stlth   ++           d - ring of resist corrosion
HPRegen 0.29/turn    h - ring of protection from fire
MPRegen 0.10/turn

%: no passive effects
@: very slow
A: AC +2, large, see invisible, deformed body, poison resistance, slowness 2,
spit poison 1, naga tail 1
a: Spit Poison


You were in an ossuary.
You visited 1 branch of the dungeon, and saw 4 of its levels.
You also visited: Ossuary.

You collected 118 gold pieces.


Innate Abilities, Weirdness & Mutations

Your serpentine skin is tough. (AC +2)
You have supernaturally acute eyesight. (SInv)
Armour fits poorly on your strangely shaped body.
Your system is resistant to poisons. (rPois)
You cover ground very slowly.
You can spit poison.
You have a snake-like lower body.


   Skills:
 + Level 3.2 Fighting
 - Level 6.9 Ranged Weapons
 - Level 1.5 Dodging
 - Level 1.5 Stealth


You had 5 spell levels left.
You didn't know any spells.
Your spell library was empty.

Inventory:

Hand Weapons
 Y - a +1 shortbow (weapon)
Armour
 c - a +0 leather armour (worn)
 l - a +0 pair of gloves (worn)
Jewellery
 d - a ring of resist corrosion (left hand)
 h - a ring of protection from fire (right hand)
Scrolls
 j - a scroll of identify
Potions
 a - a potion of enlightenment {unknown}
 b - a potion of might
 e - a potion of mutation {unknown}
 f - a potion of resistance
 g - a potion of curing {unknown}
 i - a potion of heal wounds {unknown}

Dungeon Overview and Level Annotations

Branches:
Dungeon (4/15)            Ossuary (1/1)
 Temple: D:4-7

Altars:
Fedhas
Makhleb

Shops:
D:1 :

Annotations:
D:1 1 transporter
D:4 1 transporter


Message History

The hobgoblin zombie misses you. The mummy closely misses you.
The mummy hits you!
You shoot an arrow. The arrow hits the mummy.
The mummy is heavily damaged.
The hobgoblin zombie barely misses you.
You shoot an arrow. The arrow closely misses the mummy.
The mummy closely misses you. The mummy barely misses you.
The hobgoblin zombie closely misses you.
You shoot an arrow.
The arrow hits the mummy but does no damage.
The mummy is heavily damaged.
The hobgoblin zombie closely misses you.
The mummy misses you. x2
You shoot an arrow. The arrow hits the mummy.
The mummy is severely damaged.
The hobgoblin zombie barely misses you. The mummy barely misses you. x2
You shoot an arrow. The arrow hits the mummy.
The mummy is severely damaged.
The hobgoblin zombie hits you but does no damage.
You shoot an arrow.
The arrow hits the mummy but does no damage.
The mummy is severely damaged.
The mummy closely misses you. The mummy misses you.
The hobgoblin zombie barely misses you.
You shoot an arrow. The arrow barely misses the mummy.
The mummy hits you.
You shoot an arrow. The arrow completely misses the mummy.
The hobgoblin zombie closely misses you.
The mummy hits you.
You shoot an arrow. The arrow hits the mummy.
The mummy is severely damaged.
The hobgoblin zombie hits you. The mummy barely misses you. The mummy hits you!
You shoot an arrow. The arrow barely misses the mummy.
The hobgoblin zombie hits you. The mummy barely misses you.
You shoot an arrow. The arrow barely misses the mummy.
The mummy hits you. The hobgoblin zombie hits you.
You shoot an arrow. The arrow hits the mummy.
You destroy the mummy!
The mummy hits you! The hobgoblin zombie hits you.
You die...

#
###########.#
##........^^..
#...........^^
#....M@Z\..^..
#.............
##..........^^
###########.#
#


You could see a mummy and a hobgoblin zombie.

Vanquished Creatures
  Grinder (D:4)
  A phantom (D:4)
  An iguana (D:3)
  2 mummies (Ossuary)
  3 adders
  A worm (D:3)
  A dart slug (D:3)
  4 ball pythons
  6 bats
  7 endoplasms
  5 giant cockroaches
  8 goblins
  3 hobgoblins
  4 jackals
  5 kobolds
  8 quokkas
  5 frilled lizards
  8 rats
73 creatures vanquished.

Notes
Turn   | Place    | Note
-------+----------+-------------------------------------------
     0 | D:1      | qw the Naga Hunter began the quest for the Orb.
     0 | D:1      | Reached XP level 1. HP: 19/19 MP: 1/1
     0 | D:1      | 0 ||| qw: Version: 0.3-a-5-g6f28e65
     0 | D:1      | 0 ||| qw: Game counter: 454
     0 | D:1      | 0 ||| qw: Always use a shield: true
     0 | D:1      | 0 ||| qw: God list: Okawaru
     0 | D:1      | 0 ||| qw: Allow faded altars: false
     0 | D:1      | 0 ||| qw: Do Orc after D:15 true
     0 | D:1      | 0 ||| qw: Do second Lair branch before Depths: true
     0 | D:1      | 0 ||| qw: Lair rune preference: random
     0 | D:1      | 0 ||| qw: Plans: Normal
     0 | D:1      | 0 ||| PLANNING D:1-11
    16 | D:1      | 16 ||| INVOKING Spit Poison.
    23 | D:1      | 23 ||| INVOKING Spit Poison.
    52 | D:1      | 52 ||| INVOKING Spit Poison.
   165 | D:1      | 165 ||| INVOKING Spit Poison.
   168 | D:1      | 168 ||| INVOKING Spit Poison.
   286 | D:1      | Reached skill level 4 in Ranged Weapons
   286 | D:1      | Reached XP level 2. HP: 26/26 MP: 2/2
   299 | D:1      | 299 ||| INVOKING Spit Poison.
   379 | D:1      | 379 ||| INVOKING Spit Poison.
   395 | D:1      | 395 ||| INVOKING Spit Poison.
   404 | D:1      | 404 ||| INVOKING Spit Poison.
   412 | D:1      | Noticed a walking crystal tome
   415 | D:1      | Found Cuto's Book Boutique.
   415 | D:1      | Noticed a walking divine tome
   419 | D:1      | 419 ||| INVOKING Spit Poison.
   422 | D:1      | 422 ||| UPGRADING to ring of resist corrosion.
   423 | D:1      | 423 ||| DROPPING scroll of butterflies.
   429 | D:1      | 429 ||| INVOKING Spit Poison.
   472 | D:1      | 472 ||| INVOKING Spit Poison.
   499 | D:1      | 499 ||| INVOKING Spit Poison.
   500 | D:1      | Reached XP level 3. HP: 32/32 MP: 3/3
   508 | D:1      | 508 ||| INVOKING Spit Poison.
   512 | D:1      | 512 ||| INVOKING Spit Poison.
   513 | D:1      | 513 ||| INVOKING Spit Poison.
   533 | D:1      | 533 ||| INVOKING Spit Poison.
   544 | D:1      | 544 ||| INVOKING Spit Poison.
   677 | D:1      | 677 ||| INVOKING Spit Poison.
   682 | D:1      | 682 ||| INVOKING Spit Poison.
   877 | D:1      | 877 ||| READING scroll labelled VUAFFAIHEI.
   882 | D:1      | 882 ||| READING scroll labelled KUHEODDEINOE.
   889 | D:2      | 889 ||| INVOKING Spit Poison.
   898 | D:2      | 898 ||| INVOKING Spit Poison.
   906 | D:2      | 906 ||| INVOKING Spit Poison.
   933 | D:2      | 933 ||| INVOKING Spit Poison.
   939 | D:2      | 939 ||| INVOKING Spit Poison.
   984 | D:2      | 984 ||| INVOKING Spit Poison.
   988 | D:2      | 988 ||| INVOKING Spit Poison.
   994 | D:2      | 994 ||| INVOKING Spit Poison.
   997 | D:2      | 997 ||| INVOKING Spit Poison.
  1004 | D:2      | 1004 ||| INVOKING Spit Poison.
  1084 | D:2      | 1084 ||| INVOKING Spit Poison.
  1096 | D:2      | 1096 ||| INVOKING Spit Poison.
  1097 | D:2      | Reached skill level 5 in Ranged Weapons
  1100 | D:2      | Reached XP level 4. HP: 39/39 MP: 4/4
  1135 | D:2      | 1135 ||| INVOKING Spit Poison.
  1148 | D:2      | 1148 ||| INVOKING Spit Poison.
  1168 | D:2      | 1168 ||| INVOKING Spit Poison.
  1400 | D:2      | 1400 ||| READING scroll labelled CIT MUTYMYENKI.
  1401 | D:2      | 1401 ||| READING scroll labelled ZANIUR WUITS.
  1402 | D:2      | 1402 ||| READING scroll labelled QUJUDGH TOOFUIX.
  1403 | D:2      | 1403 ||| DRINKING 2 black potions.
  1508 | D:2      | 1508 ||| DRINKING 2 bubbling puce potions.
  1509 | D:2      | 1509 ||| DROPPING potion of berserk rage.
  1548 | D:3      | 1548 ||| INVOKING Spit Poison.
  1591 | D:3      | 1591 ||| INVOKING Spit Poison.
  1594 | D:3      | 1594 ||| INVOKING Spit Poison.
  1607 | D:3      | 1607 ||| INVOKING Spit Poison.
  1648 | D:3      | 1648 ||| INVOKING Spit Poison.
  1689 | D:3      | 1689 ||| INVOKING Spit Poison.
  1694 | D:3      | 1694 ||| INVOKING Spit Poison.
  1700 | D:3      | 1700 ||| INVOKING Spit Poison.
  1701 | D:3      | Reached skill level 3 in Fighting
  1774 | D:3      | 1774 ||| INVOKING Spit Poison.
  1786 | D:3      | 1786 ||| INVOKING Spit Poison.
  1790 | D:3      | 1790 ||| INVOKING Spit Poison.
  1808 | D:3      | 1808 ||| INVOKING Spit Poison.
  1821 | D:3      | 1821 ||| INVOKING Spit Poison.
  1864 | D:3      | Found a burning altar of Makhleb.
  1864 | D:3      | Found a blossoming altar of Fedhas.
  1947 | D:3      | 1947 ||| INVOKING Spit Poison.
  1952 | D:3      | Reached XP level 5. HP: 45/49 MP: 5/5
  1952 | D:3      | 1952 ||| INVOKING Spit Poison.
  2059 | D:3      | 2059 ||| INVOKING Spit Poison.
  2313 | D:3      | 2313 ||| UPGRADING to ring of protection from fire.
  2314 | D:3      | 2314 ||| DRINKING 2 fizzy green potions.
  2359 | D:4      | Noticed a kobold demonologist
  2359 | D:4      | Found a transporter.
  2360 | D:4      | 2360 ||| PLANNING OSSUARY
  2374 | D:4      | 2374 ||| INVOKING Spit Poison.
  2408 | D:4      | 2408 ||| UPGRADING to +0 pair of gloves.
  2413 | D:4      | Noticed a phantom
  2414 | D:4      | 2414 ||| READING scroll labelled NUOTUG NAFAIPI.
  2416 | D:4      | Noticed Grinder
  2417 | D:4      | 2417 ||| Stepping ~*~*~tactically~*~*~ (outnumbered).
  2421 | D:4      | Found a sand-covered staircase.
  2422 | D:4      | 2422 ||| INVOKING Spit Poison.
  2423 | D:4      | Paralysed by Grinder for 5 turns
  2434 | D:4      | Killed a phantom
  2449 | D:4      | Killed Grinder
  2450 | D:4      | Reached skill level 6 in Ranged Weapons
  2450 | D:4      | Reached XP level 6. HP: 28/56 MP: 6/6
  2574 | Ossuary  | Entered an ossuary
  2597 | Ossuary  | HP: 1/56 [mummy (16)]
  2597 | Ossuary  | Slain by a hobgoblin zombie

Levels and vault maps discovered:
D:1:      spicycebolla_arrival_risky_transporter, layout_loops_corners,
          serial_shops, nicolae_shop_mannequins, minmay_tree_intersection,
          kennysheep_flooded_box
D:2:      layout_rooms, grunt_ministairs_7
D:3:      layout_loops_ring, jmf_multi_god_temple
D:4:      gammafunk_wand_slinger, layout_cave_pools, minitemple,
          marbit_many_paths, lightli_ossuary_entry_decrepit_ruins,
          kennysheep_potato, uniq_grinder, uniq_edmund, uniq_menkaure
Ossuary:  ossuary_the_hunt_dpeg

Skill      XL: |  1  2  3  4  5 |
---------------+----------------+-----
Ranged Weapons | 4 5 6 |  6.9
Fighting       | 3 |  3.2
Dodging        | |  1.5
Stealth        | |  1.5

Action                     |  1- 3 |  4- 6 || total
---------------------------+-------+-------++-------
   Fire: Shortbow          |    72 |    96 ||   168
Ability: Spit Poison       |    31 |    21 ||    52
    Use: Scroll            |     2 |     4 ||     6
         Potion            |       |     3 ||     3
 Armour: Leather armour    |     5 |    11 ||    16
  Dodge: Dodged            |    24 |    48 ||    72

Table legend:
 A = Non-vault XP
 B = Vault XP
 C = Vault XP percentage of total XP
 D = Non-vault monster count
 E = Vault monster count
 F = Vault count percentage of total count
                 A         B        C        D         E       F
            +---------+---------+-------+---------+---------+-------
      Total |     273 |     335 |  55.1 |      66 |       7 |   9.6
            +---------+---------+-------+---------+---------+-------
        D:1 |      45 |       0 |   0.0 |      26 |       0 |   0.0
        D:2 |      49 |       2 |   3.9 |      23 |       2 |   8.0
        D:3 |      60 |      17 |  22.1 |      13 |       2 |  13.3
        D:4 |     119 |     277 |  69.9 |       4 |       1 |  20.0
    Ossuary |       0 |      39 | 100.0 |       0 |       2 | 100.0
            +---------+---------+-------+---------+---------+-------
